 Dungeon Crawl Stone Soup version 0.16-a0-621-gdc21f72 (webtiles) character file.

1485 Bloax the Martial Artist (level 8, -1/37 HPs)
             Began as a Vine Stalker Transmuter on Sept 16, 2014.
             Was a Follower of Cheibriados.
             Killed by divine providence
             ... invoked by an orc priest
              (8 damage)
             ... on Level 8 of the Dungeon.
             The game lasted 00:08:14 (1595 turns).

Bloax the Martial Artist (Vine Stalker Transmuter)  Turns: 1595, Time: 00:08:15

HP  -1/37        AC 10     Str 16      XL: 8   Next: 79%
MP   0/31        EV  9     Int 15      God: Cheibriados [*.....]
Gold 49          SH  0     Dex 18      Spells:  2 memorised, 11 levels left

rFire  . . .     SeeInvis .       - Unarmed
rCold  . . .     Clarity  .     e - +0 ring mail
rNeg   . . .     rCorr    .     (no shield)
rPois  .         rRot     +     f - +1 helmet
rElec  .         Spirit   +     o - +0 cloak
SustAb .         Warding  .     k - +0 pair of gloves (curse)
rMut   .         Stasis   .     m - +0 pair of boots
Gourm  .                        (no amulet)
MR     +....                    (no ring)
                                g - ring of magical power

@: very slow, somewhat resistant to hostile enchantments, very unstealthy
A: fangs 3, regeneration 2, magic shield, antimagic bite, no device heal 3, rot
immunity
a: Bend Time, Renounce Religion


You were on level 8 of the Dungeon.
You worshipped Cheibriados.
Cheibriados was aware of your devotion.
You were full.

You visited 2 branches of the dungeon, and saw 9 of its levels.

You collected 73 gold pieces.
You spent 24 gold pieces at shops.


Innate Abilities, Weirdness & Mutations

You have razor-sharp teeth.
You heal very quickly.
When hurt, damage is shared between your health and your magic reserves.
Your bite disrupts and absorbs the magic of your enemies.
Potions and wands cannot restore your health.
You are immune to rotting.


   Skills:
 - Level 0.8 Fighting
 - Level 1.5 Dodging
 + Level 8.1 Unarmed Combat
 - Level 5.5 Spellcasting
 + Level 5.8 Transmutations


You had 11 spell levels left.
You knew the following spells:

 Your Spells              Type           Power        Failure   Level  Hunger
a - Blade Hands           Trmt           ###.......   52%         5    #####..
b - Sticks to Snakes      Trmt           ###.......   2%          2    #......


Dungeon Overview and Level Annotations

Branches:
Dungeon (8/15)             Temple (1/1) D:6
   Lair: D:8-11

Altars:
Ashenzari
Cheibriados
Dithmenos
Elyvilon
Fedhas
Gozag
Kikubaaqudgha
Nemelex Xobeh
Okawaru
Qazlal
Ru
Sif Muna
Trog
Vehumet
Xom
Yredelemnul
The Shining One

Shops:
D:7 [

Inventory:

Missiles
 b - 94 arrows
Armour
 e - a +0 ring mail (worn)
   (You found it on level 1 of the Dungeon)
 f - a +1 helmet (worn)
   (You found it on level 2 of the Dungeon)
 k - a cursed +0 pair of gloves (worn)
   (You bought it in a shop on level 7 of the Dungeon)
 m - a +0 pair of boots (worn)
   (You found it on level 4 of the Dungeon)
 o - a +0 cloak (worn)
   (You found it on level 5 of the Dungeon)
Magical devices
 l - a wand of flame (19) {unknown}
   (You found it on level 7 of the Dungeon)
Comestibles
 a - 5 bread rations
Scrolls
 h - a scroll of fog
 i - 2 scrolls of identify
 j - a scroll of immolation {unknown}
Jewellery
 g - a ring of magical power (left hand)
   (You found it on level 2 of the Dungeon)
Potions
 c - a potion of restore abilities
Books
 d - a book of Changes

   Spells                             Type                      Level
   Beastly Appendage                  Transmutation                1
   *Sticks to Snakes                  Transmutation                2
   Spider Form                        Transmutation/Poison         3
   Ice Form                           Ice/Transmutation            4
   *Blade Hands                       Transmutation                5

###########
#........<#
#.#########
#.# #.# #.#
#.# #)# #@#
#o# #o# #o#
#.# #.# #.#
#.# #.#


You could see 2 orc priests and an orc.


Message History

Things that are here:
a robe; a black bear corpse You see here a hobgoblin corpse.
Cast which spell? (? or * to list)
Okay, then.
Unknown command.
You can't go down here!
There is a stone staircase leading down here.
You climb downwards.
There is a stone staircase leading up here.
Unknown command.
An orc comes into view. It is wielding a glowing morningstar.
The orc shouts!
An orc is nearby!
An orc comes into view. It is wielding a flail.
The orc shouts!
An orc priest comes into view.
The orc priest shouts!
An orc priest comes into view. It is wielding a short sword.
An orc comes into view. It is wielding a short sword.
The orc priest shouts!
The orc shouts!
The orc priest calls down the wrath of Beogh upon you.
Something smites you!
The orc priest becomes somewhat translucent.
The orc closely misses you.
You hit the orc.
The orc is moderately wounded.
The orc priest utters an invocation to Beogh.
You feel troubled.
The orc priest mumbles some strange prayers to Beogh.
You feel a wave of unholy energy pass over you.
You hit the orc.
You kill the orc!
Cheibriados appreciates the change of pace.
The orc closely misses you.
The orc priest prays to Beogh.
You feel a wave of unholy energy pass over you.
The orc hits you but does no damage.
Things that are here:
a glowing morningstar; an orc corpse You hit the orc.
You bite the orc, but do no damage.
The orc is moderately wounded.
You hit the orc but do no damage.
The orc is moderately wounded.
The orc closely misses you.
You punch the orc!
You kill the orc!
Cheibriados appreciates the change of pace.
The orc priest misses you.
Things that are here:
a flail; a ring mail; an orc corpse Your ring mail prevents you from hitting the orc priest.
You bite the orc priest, but do no damage.
The orc priest calls down the wrath of Beogh upon you.
Something smites you!
You barely miss the orc priest.
The orc priest invokes the aid of Beogh against you.
Something smites you!
* * * LOW HITPOINT WARNING * * *
You barely miss the orc priest. The orc priest misses you.
The orc priest invokes the aid of Beogh against you.
Something smites you!
* * * LOW HITPOINT WARNING * * *
You closely miss the orc priest.
The orc priest calls down the wrath of Beogh upon you.
Something smites you!
* * * LOW HITPOINT WARNING * * *
The orc priest calls down the wrath of Beogh upon you.
Something smites you!
You die...

Action                   |  1- 3 |  4- 6 |  7- 9 || total
-------------------------+-------+-------+-------++-------
Melee: Unarmed           |    92 |   147 |   114 ||   353
 Cast: Beastly Appendage |     2 |       |       ||     2
  Use: Potion            |       |     1 |       ||     1
       Scroll            |       |       |     8 ||     8
  Eat: Beef jerky        |       |     2 |       ||     2
       Meat ration       |       |       |     1 ||     1

Vault maps used:
D:1:      dpeg_arrival_round_b, dk_noncrumbling_3
D:2:      st_stairs_3
D:3:      xom_teletrap_fun
D:4:      lightli_temple_of_fire, hangedman_feature_mirror
D:5:      grunt_temple_overflow_order_and_chaos_2, grunt_dithmenos_shadows,
          first_bread, serial_shops, shop_coins
D:6:      grunt_temple_overflow_open, minmay_temple_entry_grid,
          due_unseen_surprise
D:7:      grunt_temple_overflow_forces_of_nature, serial_shops, shop,
          uniq_blork_the_orc, uniq_joseph
D:8:      hangedman_pestilent_swarm, elyvilon_altar_4, uniq_pikel
Temple:   triangle_lava_temple_11

Notes
Turn   | Place    | Note
--------------------------------------------------------------
     0 | D:1      | Bloax, the Vine Stalker Transmuter, began the quest for the Orb.
     0 | D:1      | Reached XP level 1. HP: 9/9 MP: 3/3
   150 | D:2      | Reached XP level 2. HP: 14/14 MP: 6/6
   166 | D:2      | Learned a level 2 spell: Sticks to Snakes
   265 | D:2      | +mp three games in a row
   265 | D:2      | wow
   336 | D:3      | Reached skill level 3 in Spellcasting
   336 | D:3      | Reached XP level 3. HP: 15/17 MP: 8/8
   418 | D:4      | fuck da fun polis
   493 | D:4      | Reached XP level 4. HP: 18/21 MP: 10/10
   600 | D:4      | Reached skill level 4 in Unarmed Combat
   605 | D:4      | Found a bloodstained altar of Trog.
   660 | D:5      | Entered Level 5 of the Dungeon
   691 | D:5      | Found a shadowy altar of Dithmenos.
   716 | D:5      | Noticed Bloax's ghost (weakling VSTm)
   725 | D:5      | Killed Bloax's ghost
   725 | D:5      | Reached skill level 4 in Spellcasting
   725 | D:5      | Reached XP level 5. HP: 25/25 MP: 15/15
   739 | D:5      | okay
   744 | D:5      | all dis bred
   744 | D:5      | OH NO
   829 | D:5      | Reached skill level 5 in Unarmed Combat
   829 | D:5      | Gained mutation: You heal very quickly. [vine stalker growth]
   829 | D:5      | Reached XP level 6. HP: 22/29 MP: 18/18
   839 | D:5      | Noticed a centaur
   884 | D:5      | Killed a centaur
   884 | D:5      | Reached skill level 5 in Spellcasting
   951 | D:5      | Reached XP level 7. HP: 17/32 MP: 20/20
   981 | D:6      | Noticed Bloax's ghost (experienced VSTm)
   982 | D:6      | oh no not the bloax aaaa
  1024 | D:6      | Found a staircase to the Ecumenical Temple.
  1033 | Temple   | Entered the Ecumenical Temple
  1063 | Temple   | Became a worshipper of Cheibriados the Contemplative
  1157 | D:6      | Reached skill level 6 in Unarmed Combat
  1180 | D:6      | Killed Bloax's ghost
  1180 | D:6      | Reached skill level 3 in Transmutations
  1182 | D:6      | gr8
  1190 | D:6      | Learned a level 5 spell: Blade Hands
  1202 | D:6      | Found a shattered altar of Ashenzari.
  1204 | D:6      | Found a glowing golden altar of the Shining One.
  1351 | D:7      | Found Azah's Armour Boutique.
  1354 | D:7      | Bought a cursed +0 pair of gloves for 24 gold pieces
  1389 | D:7      | Reached skill level 7 in Unarmed Combat
  1389 | D:7      | Reached skill level 4 in Transmutations
  1389 | D:7      | Gained mutation: You have razor-sharp teeth. [vine stalker growth]
  1389 | D:7      | Reached XP level 8. HP: 17/37 MP: 22/22
  1407 | D:7      | Found a stormy altar of Qazlal.
  1415 | D:7      | Found a blossoming altar of Fedhas.
  1473 | D:7      | Noticed Joseph
  1502 | D:7      | Killed Joseph
  1502 | D:7      | Reached skill level 5 in Transmutations
  1557 | D:7      | Reached skill level 8 in Unarmed Combat
  1595 | D:8      | HP: 7/37 [orc priest/divine providence (6)]
  1595 | D:8      | Killed from afar by an orc priest

Vanquished Creatures
  Joseph (D:7)
  The ghost of Bloax the Ruffian, an experienced VSTm (D:6)
  A sky beast (D:7)
  A black bear (D:7)
  An ice beast (D:7)
  2 centaurs
  A giant frog (D:6)
  4 hounds
  2 orc priests (D:5)
  The ghost of Bloax the Ruffian, a weakling VSTm (D:5)
  3 orc wizards (D:5)
  4 worker ants
  2 adders
  A shadow imp (D:5)
  A worm (D:4)
  An ooze (D:7)
  11 orcs
  2 bats
  A giant cockroach (D:3)
  6 goblins
  7 hobgoblins
  3 jackals (D:2)
  A quokka (D:5)
  3 giant newts
  4 kobolds
  6 rats
71 creatures vanquished.
